 Dungeon Crawl Stone Soup version 0.17-a0-1923-gc35365e (webtiles) character file.

11316 derrpe the Grappler (level 11, -10/109 HPs)
             Began as a Troll Chaos Knight on Sept 29, 2015.
             Mangled by a yak (15 damage)
             ... on level 1 of the Lair of Beasts.
             The game lasted 00:18:43 (9725 turns).

derrpe the Grappler (Troll Chaos Knight)            Turns: 9725, Time: 00:18:44

Health: -10/109    AC:  6    Str: 21 (22) XL:     11   Next: 47%
Magic:  14/14      EV: 15    Int:  5 (7)  God:    Xom [*.....]
Gold:   495        SH:  0    Dex:  9 (11) Spells: 0 memorised, 10 levels left

rFire  + . .     SeeInvis +       - Unarmed
rCold  . . .     Clarity  .     a - +2 robe
rNeg   . . .     SustAt   .     (no shield)
rPois  .         Gourm    +     (helmet restricted)
rElec  .         Spirit   .     (no cloak)
rCorr  .         Warding  .     (gloves unavailable)
rMut   +         Stasis   .     (boots unavailable)
MR     .....                    x - amulet of resist mutation
Stlth  +.........               w - +3 ring of evasion (curse)
                                c - ring of see invisible (curse)

@: about to teleport, not resistant to hostile enchantments, very unstealthy
A: unfitting armour, claws 3, deformed body, deterioration 2, dopey 1, fire
resistance 1, fast metabolism 3, gourmand, regeneration 2, screaming 1, shaggy
fur 1, tough skin 2
a: Renounce Religion


You were on level 1 of the Lair of Beasts.
You worshipped Xom.
You were a special plaything of Xom.
You were full.

You visited 2 branches of the dungeon, and saw 11 of its levels.

You collected 495 gold pieces.

Inventory:

Hand weapons
 t - a +0 blowgun
Missiles
 g - 2 throwing nets (quivered)
 r - 5 tomahawks
 y - 6 poisoned javelins
 D - 16 poisoned needles
Armour
 a - a +2 robe (worn)
 E - a +0 cloak
Jewellery
 c - a cursed ring of see invisible (left claw)
 h - an uncursed amulet of resist corrosion
 w - a cursed +3 ring of evasion (right claw)
 x - an amulet of resist mutation (around neck)
Magical devices
 l - a wand of invisibility (0)
 o - a wand of slowing (37)
 p - a wand of flame (22)
 B - a wand of digging (8)
 I - a wand of slowing (17)
Scrolls
 e - 8 scrolls of identify
 j - a scroll of immolation {unknown}
 k - 14 scrolls of remove curse
 m - a scroll of enchant armour {unknown}
 n - 2 scrolls of fog
 u - 2 scrolls of enchant weapon
 v - 3 scrolls of amnesia
 z - a scroll of summoning {unknown}
 C - a scroll of random uselessness {unknown}
Potions
 f - 3 potions of curing
 A - a potion of cure mutation
 G - a potion of magic
Comestibles
 b - 9 bread rations {@e1}
 d - 6 meat rations {@e2}
 q - a royal jelly
 s - 5 beef jerkies
 H - 3 fruits
 K - 2 slices of pizza


   Skills:
 + Level 7.1 Fighting
 - Level 3.7 Armour
 + Level 7.0 Dodging
 * Level 11.0 Unarmed Combat
 * Level 6.5 Evocations


You had 10 spell levels left.
You didn't know any spells.

Dungeon Overview and Level Annotations

Branches:
Dungeon (10/15)            Temple (0/1) D:6            Lair (1/8) D:8
    Orc (0/4) D:10

Altars:
Ashenzari
Elyvilon
Fedhas
Gozag
Okawaru
Qazlal
Sif Muna
Trog
Xom

Shops:
D:5 :


Innate Abilities, Weirdness & Mutations

You are too large for most types of armour.
You have claws for hands.
Your metabolism is lightning-fast.
You like to eat raw meat.
You heal very quickly.
You are covered in fur (AC +1).
You have very tough skin (AC +2).
Armour fits poorly on your strangely shaped body.
Your body often deteriorates upon taking damage.
You are dopey. (Int -2)
Your flesh is heat resistant.
You occasionally shout uncontrollably at your foes.


Message History

Drink which item? (? for menu, Esc to quit)
You feel better. Xom's attention turns to you.
You sense a malignant aura.
Your ring of see invisible glows black for a moment.
The yak gores you but does no damage.
Unknown command.
Use which ability?
Okay, then.
Evoke which item? (* to show all) (? for menu, Esc to quit)
Okay, then.
Read which item? (? for menu, Esc to quit)
As you read the scroll of teleportation, it crumbles to dust.
You feel strangely unstable. Xom notices you. Heat is drained from your body!
* * * LOW HITPOINT WARNING * * *
The yak gores you!
You die...
Xom giggles madly!

#.................
#.................
#...............Y.
#Y##.#.#####.Y.###
#%###.##.###...###
#.##......##..YY#
#Y.#......##...##
#Y#............#
#@#.......##...#
#.##......##...#
#.##.......+.).#
P..###..####...#
#.###.#+####...#
#...............
############.####


You could see 3 yaks.

Vanquished Creatures
  Erolcha (D:10)
  The ghost of B1inky the Fighter, an experienced DrMo of Ru (D:8)
  An unseen horror (D:10)
  A hill giant (D:10)
  2 centaur skeletons (D:10)
  A yaktaur (shapeshifter) (D:7)
  A polar bear (D:7)
  Prince Ribbit (D:5)
  A two-headed ogre (D:8)
  Sigmund (D:2)
  A wyvern (D:8)
  A spriggan (D:10)
  Eustachio (D:5)
  12 yaks
  A hungry ghost (D:10)
  A hippogriff (D:9)
  An ice beast (D:8)
  3 orc warriors
  4 sky beasts
  A necrophage (D:9)
  7 porcupines
  2 phantoms
  5 centaurs
  2 ogres
  7 crocodiles
  7 giant frogs
  A big kobold (D:7)
  A gnoll sergeant (D:5)
  5 scorpions
  7 wights
  2 orc priests
  2 giant frog zombies
  2 hounds
  3 crimson imps
  A quasit (D:10)
  4 jellies
  5 orc wizards
  5 iguanas
  6 worker ants
  A killer bee zombie (D:8)
  A hound skeleton (D:7)
  11 gnolls
  11 river rats
  6 adders
  5 shadow imps
  An adder zombie (D:5)
  An adder skeleton (D:9)
  2 worms
  5 giant geckos
  16 orcs
  2 ball pythons
  12 bats
  9 giant cockroaches
  8 goblins
  10 hobgoblins
  2 jackals (D:3)
  22 kobolds
  5 quokkas
  5 giant newts
  A jackal skeleton (D:4)
  20 rats
267 creatures vanquished.

Vanquished Creatures (collateral kills)
  A giant cockroach (D:5)
  A rat (D:6)
2 creatures vanquished.

Vanquished Creatures (others)
  A fungus (D:8)
1 creature vanquished.

Grand Total: 270 creatures vanquished

Notes
Turn   | Place    | Note
--------------------------------------------------------------
     0 | D:1      | derrpe the Troll Chaos Knight began the quest for the Orb.
     0 | D:1      | Reached XP level 1. HP: 22/22 MP: 0/0
   239 | D:1      | XOM: silly message
   264 | D:1      | Reached XP level 2. HP: 22/29 MP: 1/1
   335 | D:1      | XOM: harmless Ice miscast
   356 | D:1      | XOM: divination: magic mapping
   698 | D:2      | Noticed Sigmund
   698 | D:2      | XOM: potion effect (haste)
   707 | D:2      | Killed Sigmund
   707 | D:2      | Reached skill level 1 in Armour
   707 | D:2      | Reached skill level 4 in Unarmed Combat
   707 | D:2      | Reached XP level 3. HP: 25/37 MP: 2/2
   707 | D:2      | Reached XP level 4. HP: 30/45 MP: 3/3
   707 | D:2      | Reached XP level 5. HP: 35/53 MP: 4/4
   941 | D:2      | Found a shattered altar of Ashenzari.
  1060 | D:2      | Found a blossoming altar of Fedhas.
  1087 | D:2      | XOM: silly message
  1174 | D:2      | Found a bloodstained altar of Trog.
  1223 | D:2      | XOM: silly message
  1271 | D:3      | XOM: mild Air miscast
  1371 | D:3      | XOM: mild Fire miscast
  1488 | D:3      | XOM: harmless Pois miscast
  1559 | D:3      | XOM: harmless Necr miscast
  1604 | D:3      | Found a deep blue altar of Sif Muna.
  1762 | D:3      | XOM: mild Summ miscast
  1893 | D:3      | Reached skill level 5 in Unarmed Combat
  1908 | D:3      | Reached XP level 6. HP: 51/61 MP: 5/5
  2026 | D:3      | XOM: harmless Trmt miscast
  2253 | D:4      | XOM: potion effect (invisibility)
  2257 | D:4      | Gained mutation: Your spells are a little harder to cast, but a little more powerful. [potion of mutation]
  2257 | D:4      | Gained mutation: You have a pair of small horns on your head. [potion of mutation]
  2257 | D:4      | Gained mutation: You have sharp toenails. [potion of mutation]
  2292 | D:4      | XOM: mild Conj miscast
  2405 | D:4      | XOM: harmless Erth miscast
  2576 | D:4      | XOM: mild Hex miscast
  2699 | D:4      | XOM is BORED!
  2699 | D:4      | XOM: give mutations
  2699 | D:4      | Lost mutation: You have sharp toenails. [Xom's mischief]
  2699 | D:4      | Lost mutation: Your spells are a little harder to cast, but a little more powerful. [Xom's mischief]
  2815 | D:5      | Entered Level 5 of the Dungeon
  2830 | D:5      | Gained mutation: You possess an exceptional clarity of mind. [potion of mutation]
  2830 | D:5      | Gained mutation: You are clumsy. (Dex -2) [potion of mutation]
  2830 | D:5      | Gained mutation: You occasionally shout uncontrollably at your foes. [potion of mutation]
  2886 | D:5      | Found Zohuodghe's Book Shoppe.
  2959 | D:5      | XOM: summons 3 hostile demons
  3055 | D:5      | XOM: 3-stop teleportation journey
  3059 | D:5      | XOM: divine lightning (protected)
  3063 | D:5      | Reached XP level 7. HP: 12/67 MP: 6/6
  3067 | D:5      | Reached skill level 6 in Unarmed Combat
  3113 | D:5      | XOM: fog
  3117 | D:5      | XOM: vitrification
  3143 | D:5      | XOM: cast spell 'Stoneskin'
  3214 | D:5      | XOM: give mutation
  3214 | D:5      | Gained mutation: Your body sometimes deteriorates upon taking damage. [Xom's mischief]
  3321 | D:5      | Noticed Prince Ribbit
  3333 | D:5      | Killed Prince Ribbit
  3424 | D:5      | Reached XP level 8. HP: 74/78 MP: 7/7
  3680 | D:5      | Reached skill level 7 in Unarmed Combat
  3689 | D:5      | Gained mutation: You can spit weak poison. [mutagenic meat]
  3690 | D:5      | Gained mutation: You are frail (-10% HP). [mutagenic meat]
  3692 | D:5      | Lost mutation: You are clumsy. (Dex -2) [potion of cure mutation]
  3692 | D:5      | Lost mutation: You have a pair of small horns on your head. [potion of cure mutation]
  3692 | D:5      | Lost mutation: You can spit weak poison. [potion of cure mutation]
  3692 | D:5      | Lost mutation: You are frail (-10% HP). [potion of cure mutation]
  3692 | D:5      | Lost mutation: You possess an exceptional clarity of mind. [potion of cure mutation]
  3761 | D:5      | Found a stormy altar of Qazlal.
  3761 | D:5      | Found an iron altar of Okawaru.
  3761 | D:5      | Noticed Eustachio
  3762 | D:5      | XOM: confuse monster(s)
  3766 | D:5      | XOM: enchant monster (good)
  3787 | D:5      | Killed Eustachio
  3942 | D:6      | Found a staircase to the Ecumenical Temple.
  4094 | D:6      | XOM: summons 2 friendly demons
  4661 | D:6      | XOM: vitrification
  4752 | D:6      | Reached skill level 8 in Unarmed Combat
  4806 | D:7      | Found a white marble altar of Elyvilon.
  4825 | D:7      | XOM: smoke on damage
  4961 | D:7      | Found an opulent altar of Gozag.
  5046 | D:7      | Reached skill level 1 in Evocations
  5046 | D:7      | Reached XP level 9. HP: 77/87 MP: 8/8
  5217 | D:7      | Reached skill level 5 in Dodging
  5234 | D:7      | Reached skill level 5 in Fighting
  5268 | D:7      | XOM: medium Hex miscast
  5345 | D:8      | XOM: polymorph yak -> polar bear
  5350 | D:7      | XOM: fog
  5566 | D:7      | Gained mutation: You are robust (+10% HP). [potion of beneficial mutation]
  5566 | D:7      | XOM: fake destruction
  5567 | D:7      | Noticed an orb spider
  5567 | D:7      | a yak changed into an orb spider
  5567 | D:7      | XOM: polymorph yak -> orb spider
  5570 | D:7      | an orb spider changed into a spriggan
  5573 | D:7      | Noticed a yaktaur
  5573 | D:7      | a spriggan changed into a yaktaur
  5575 | D:7      | Killed a yaktaur
  5660 | D:7      | XOM: scenery: create altars
  5675 | D:7      | XOM: enchant monster (good)
  5746 | D:8      | XOM: fog
  5772 | D:8      | Found a staircase to the Lair.
  5787 | D:7      | Reached skill level 9 in Unarmed Combat
  5789 | D:7      | Reached XP level 10. HP: 81/107 MP: 10/12
  5817 | D:8      | Noticed B1inky's ghost (experienced DrMo)
  5820 | D:8      | XOM: summons friendly ufetubus
  5828 | D:8      | XOM: cast spell 'Dispersal'
  5835 | D:8      | XOM: enchant monster (good)
  5843 | D:8      | XOM: potion effect (heal wounds)
  6037 | D:8      | XOM: cast spell 'Summon Small Mammal'
  6038 | D:8      | XOM: summons 8 friendly demons
  6041 | D:8      | Killed B1inky's ghost
  6318 | D:8      | Gained mutation: Armour fits poorly on your strangely shaped body. [mutagenic meat]
  6319 | D:8      | Lost mutation: Armour fits poorly on your strangely shaped body. [mutagenic meat]
  6320 | D:8      | Gained mutation: Your flesh is heat resistant. [mutagenic meat]
  6321 | D:8      | Gained mutation: You are covered in thick fur (AC +2). [mutagenic meat]
  6322 | D:8      | Gained mutation: You are dopey. (Int -2) [mutagenic meat]
  6682 | D:8      | Reached skill level 5 in Evocations
  6836 | D:8      | XOM: give mutations
  6836 | D:8      | Lost mutation: You are covered in thick fur (AC +2). [Xom's mischief]
  6836 | D:8      | Lost mutation: You are robust (+10% HP). [Xom's mischief]
  6836 | D:8      | Gained mutation: Armour fits poorly on your strangely shaped body. [Xom's mischief]
  6836 | D:8      | Gained mutation: Your body often deteriorates upon taking damage. [Xom's mischief]
  6904 | D:8      | XOM: mild Tloc miscast
  7110 | D:9      | Reached skill level 10 in Unarmed Combat
  7749 | D:9      | XOM: harmless Divn miscast
  7752 | D:9      | XOM: noise
  8047 | D:9      | XOM: noise
  8109 | D:9      | XOM: confusion
  8116 | D:9      | Reached XP level 11. HP: 103/107 MP: 14/14
  8178 | D:9      | XOM: noise
  8286 | D:10     | Entered Level 10 of the Dungeon
  8286 | D:10     | Noticed a hill giant
  8329 | D:9      | XOM: medium Fire miscast
  8459 | D:10     | Found a staircase to the Orcish Mines.
  8462 | D:10     | Noticed Erolcha
  8473 | D:10     | Killed Erolcha
  8581 | D:10     | Noticed an unseen horror
  8586 | D:10     | Killed an unseen horror
  9144 | D:10     | Killed a hill giant
  9296 | D:10     | XOM: summons 5 hostile shadow creatures
  9548 | Lair:1   | Entered Level 1 of the Lair of Beasts
  9673 | Lair:1   | XOM: confusion
  9678 | Lair:1   | XOM: noise
  9683 | Lair:1   | XOM: enchant monster (bad)
  9693 | Lair:1   | Reached skill level 11 in Unarmed Combat
  9697 | Lair:1   | HP: 3/109 [yak (13)]
  9703 | Lair:1   | XOM: medium Pois miscast
  9707 | Lair:1   | HP: 4/109 [poisoned by the capriciousness of Xom (residual poison)]
  9723 | Lair:1   | HP: 1/109 [yak (12)]
  9724 | Lair:1   | XOM: medium Hex miscast
  9725 | Lair:1   | XOM: medium Ice miscast
  9725 | Lair:1   | Mangled by a yak

Vault maps used:
D:1:      lightli_iron_boxes
D:2:      nicolae_overflow_hidden_temple, evilmike_ruin_ashenzari,
          trog_hazing_becter, uniq_sigmund
D:3:      old_standard_altar, first_bread
D:5:      gammafunk_temple_overflow_pools, serial_shops, nicolae_shop_trees,
          minivault_14, uniq_prince_ribbit1, uniq_eustachio
D:6:      minmay_temple_entry_steel_oval, minmay_misc_feat_iff,
          dk_rats_in_the_wall
D:7:      elyvilon_altar_5, grunt_gozag_statues
D:8:      minmay_lair_entry_grove
D:10:     orc_0_dummy, the_bakery, uniq_erolcha

Action                   |  1- 3 |  4- 6 |  7- 9 | 10-12 || total
-------------------------+-------+-------+-------+-------++-------
Melee: Unarmed           |    62 |   232 |   252 |   428 ||   974
Throw: Throwing net      |     1 |     1 |       |       ||     2
Evoke: Wand              |       |     1 |     1 |     2 ||     4
  Use: Scroll            |     1 |       |     4 |     3 ||     8
       Potion            |     2 |     5 |     6 |     5 ||    18
 Stab: Held in net/web   |     1 |       |       |       ||     1
       Invisible         |       |     2 |     5 |     2 ||     9
       Sleeping          |       |     1 |       |       ||     1
       Confused          |       |       |     1 |       ||     1
       Paralysed         |       |       |     4 |       ||     4
       Distracted        |       |       |       |     1 ||     1
  Eat: Chunk             |    12 |    18 |    31 |    42 ||   103
